 Dungeon Crawl Stone Soup version 0.31-a0-233-g139696dc86 (webtiles) character file.

Game seed: 5926572025908733613

13 protoss039 the Digger (level 2, 21/21 HPs)
             Began as a Demonspawn Earth Elementalist on July 9, 2023.
             Got out of the dungeon alive.
             The game lasted 00:00:30 (365 turns).

protoss039 the Digger (DsEE)                         Turns: 365, Time: 00:00:30

Health: 21/21      AC:  2    Str:  8    XL:     2   Next: 24%
Magic:  5/5        EV: 12    Int: 16    God:
Gold:   11         SH:  0    Dex: 13    Spells: 4/5 levels left

rFire   . . .        d - +0 dagger
rCold   . . .        (no shield)
rNeg    . . .        a - +0 robe
rPois   .            (no helmet)
rElec   .            (no cloak)
rCorr   .            (no gloves)
SInv    .            (no boots)
Will    .....        (no amulet)
Stlth   ++           (no ring)
HPRegen 0.23/turn    (no ring)
MPRegen 0.09/turn

%: no passive effects
@: no status effects
A: spiny 1
a: no special abilities


You escaped.
You visited 1 branch of the dungeon, and saw 1 of its levels.

You collected 11 gold pieces.

Inventory:

Hand Weapons
 d - a +0 dagger (weapon)
Armour
 a - a +0 robe (worn)
Scrolls
 c - a scroll of blinking {unknown}
 e - a scroll of enchant armour {unknown}
 f - 2 scrolls of identify {unknown}
 g - a scroll of teleportation {unknown}
Potions
 b - a potion of magic


   Skills:
 + Level 1.0 Fighting
 - Level 1.7 Dodging
 - Level 1.7 Stealth
 + Level 2.2 Spellcasting
 - Level 0.8 Transmutations
 + Level 2.9 Earth Magic


You had 4 spell levels left.
You knew the following spells:

 Your Spells              Type           Power      Damage    Failure   Level
a - Sandblast             Erth           22%        2d7       6%          1

Your spell library contained the following spells:

 Spells                   Type           Power      Damage    Failure   Level
 Passwall                 Tmut/Erth      5%         N/A       14%         2
 Stone Arrow              Conj/Erth      12%        3d7       32%         3
 Petrify                  Tmut/Erth      7%         N/A       67%         4


Dungeon Overview and Level Annotations

Branches:
Dungeon (1/15) Zot: 5629

Altars:


Innate Abilities, Weirdness & Mutations

You are partially covered in sharp spines.


Message History

You miss the kobold. The kobold is struck by your spines.
The kobold barely misses you.
You closely miss the kobold.
The kobold is heavily wounded.
The kobold closely misses you.
You barely miss the kobold.
The kobold is moderately wounded.
The kobold hits you with a +0 short sword.
You miss the kobold. The kobold is struck by your spines.
The kobold barely misses you.
You hit the kobold but do no damage.
The kobold is heavily wounded.
The kobold barely misses you.
You hit the kobold.
You kill the kobold!
The ball python bites you.
You hit the ball python but do no damage.
The ball python is struck by your spines.
You kill the ball python!
Your Fighting skill increases to level 1!
No target in view!
No target in view!
No target in view!
No target in view!
No target in view!
No target in view!
No target in view!
No target in view!
No target in view!
No target in view!
No target in view!
Found 8 gold pieces and an orange potion.
Things that are here:
a +1 dagger of speed; a goblin corpse
Found 11 gold pieces.
Found an orange potion.
There is an open door here.
There is a staircase leading out of the dungeon here.
Are you sure you want to leave the Dungeon?
This will make you lose the game!
You have escaped!

#.......# #.#
#. #.......#
#.# ..
#.....#'# ..#
.$
#######.#######
##..#.#..##
#.#.#.#.#.#
#..#...#..#
####.....####
+.....@.....+
####.....####
#..#...#..#
#.#.#.#.#.#
##..#.#..##
####.#### #+#


There were no monsters in sight!

Vanquished Creatures
  A ball python (D:1)
  An endoplasm (D:1)
  3 goblins (D:1)
  3 kobolds (D:1)
  A quokka (D:1)
  A frilled lizard (D:1)
  A rat (D:1)
11 creatures vanquished.

Notes
Turn   | Place    | Note
-------+----------+-------------------------------------------
     0 | D:1      | protoss039 the Demonspawn Earth Elementalist began the
                  | quest for the Orb.
     0 | D:1      | Reached XP level 1. HP: 13/13 MP: 3/3
   278 | D:1      | Gained mutation: You are partially covered in sharp spines.
                  | [demonic ancestry]
   278 | D:1      | Reached XP level 2. HP: 20/20 MP: 5/5
   289 | D:1      | Reached skill level 1 in Fighting
   365 | D:$      | Got out of the dungeon alive.

Illustrated notes

Levels and vault maps discovered:
D:1:      nzn_arrival_crosshair, layout_loops_cross, minmay_3d_cube

Skill      XL: |  1  2 |
---------------+-------+-----
Fighting       | 1 |  1.0
Dodging        | |  1.7
Stealth        | |  1.7
Spellcasting   | |  2.2
Transmutations | |  0.8
Earth Magic    | |  2.9

Action                     || total
---------------------------++-------
  Melee: Club              ||    11
         Dagger            ||    16
   Cast: Sandblast         ||     7
 Armour: Robe              ||     5
  Dodge: Dodged            ||    18

Table legend: (Time is in decaauts)
 A = Elapsed time spent in this place.
 B = Non-inter-level travel time spent in this place.
 C = Inter-level travel time spent in this place.
 D = Time resting spent in this place.
 E = Time spent auto-exploring this place.
 F = Levels seen in this place.
 G = Mean time per level.
                   A        B        C        D        E       F      G
               +--------+--------+--------+--------+--------+-----+--------+
         Total |    370 |    298 |     72 |      0 |    220 |   1 |  370.0 |
       Dungeon |    370 |    298 |     72 |      0 |    220 |   1 |  370.0 |
               +--------+--------+--------+--------+--------+-----+--------+

Top non-repeatable levels by time:
     D:1: 370 daAuts
